 Dungeon Crawl Stone Soup version 0.30-a0-578-gdee14c521f (webtiles) character file.

Game seed: 8427629171272665735

22161 Newt the Covert (level 12, -11/74 (89) HPs)
             Began as a Demonspawn Gladiator on Dec 31, 2022.
             Was an Elder of Dithmenos.
             Mangled by Rupert
             ... wielding a +2 executioner's axe of draining
              (20 damage)
             ... on level 3 of the Lair of Beasts.
             The game lasted 00:23:19 (16924 turns).

Newt the Covert (Demonspawn Gladiator)             Turns: 16924, Time: 00:23:20

HP:   -11/74 (89)   AC: 15    Str: 14    XL:     12   Next: 60%
MP:   0/19          EV: 16    Int: 11    God:    Dithmenos [****..]
Gold: 829           SH:  7    Dex: 23    Spells: 21/21 levels left

rFire   . . .      SeeInvis .    a - +1 dagger (venom)
rCold   . . .      Faith    .    y - +0 buckler
rNeg    . . .      Spirit   +    H - +0 acid dragon scales
rPois   .          Reflect  .    (no helmet)
rElec   .          Harm     .    G - +0 cloak
rCorr   +          Rampage  .    q - +2 pair of gloves
Will    +....                    (no boots) Stlth *+++++++++
                                 (no amulet)
HPRegen 0.32/turn                Q - +4 ring of protection
MPRegen 0.32/turn                I - ring of willpower

@: wreathed by umbra, heavily drained
A: thin skeletal structure 2, powered by pain 2, magic shield, magic
regeneration, weakness stinger 1
a: Renounce Religion, Shadow Step


You were on level 3 of the Lair of Beasts.
You worshipped Dithmenos.
Dithmenos was greatly pleased with you.
You visited 3 branches of the dungeon, and saw 16 of its levels.

You collected 829 gold pieces.

Inventory:

Hand Weapons
 a - a +1 dagger of venom (weapon)
 b - a +5 falchion
 h - a +0 dagger of speed
 l - a +0 rapier
Missiles
 e - a javelin (quivered)
 r - 7 boomerangs
 R - 4 silver javelins
Armour
 c - a +0 helmet
 q - a +2 pair of gloves (worn)
 y - a +0 buckler (worn)
 A - a +2 leather armour of fire resistance
 G - a +0 cloak (worn)
 H - +0 acid dragon scales (worn)
 N - a +0 leather armour
 X - the +3 hat of Pondering {ponderous, Will+ MP+10 Int+5}
   (You took it off Gastronok on level 3 of the Lair of Beasts)

   Int:       It affects your intelligence (+5).
   MP:        It affects your magic capacity (+10).
   Will:      It increases your willpower.
Jewellery
 p - a +6 ring of intelligence
 s - a +6 ring of intelligence
 D - a ring of fire
 I - a ring of willpower (right hand)
 Q - a +4 ring of protection (left hand)
 T - a ring of flight
 U - a ring of protection from fire
Wands
 g - a wand of flame (18)
 o - a wand of paralysis (13)
 z - a wand of roots (6)
 V - a wand of digging (1)
Scrolls
 j - a scroll of torment
 m - 4 scrolls of enchant armour
 w - a scroll of vulnerability
 J - a scroll of amnesia
 K - a scroll of silence
 L - a scroll of fog
 M - a scroll of fear
 O - a scroll of teleportation
 P - 3 scrolls of magic mapping
 S - 4 scrolls of identify
Potions
 f - a potion of magic
 i - 2 potions of curing
 k - 3 potions of degeneration
 n - a potion of resistance
 t - a potion of mutation
 u - a potion of lignification
 v - 2 potions of haste
 x - a potion of cancellation
 B - a potion of flight
 C - 4 potions of might
 E - a potion of attraction
 F - a potion of ambrosia
Miscellaneous
 W - a piece from Xom's chessboard (15/15)


   Skills:
 + Level 6.9 Fighting
 - Level 7.0 Short Blades
 - Level 1.7 Throwing
 - Level 5.0 Armour
 - Level 7.0 Dodging
 - Level 12.0 Stealth
 - Level 7.0 Shields
 - Level 5.0 Spellcasting
 - Level 5.0 Hexes
 - Level 5.0 Evocations


You had 21 spell levels left.
You didn't know any spells.
Your spell library contained the following spells:

 Spells                   Type           Power      Damage    Failure   Level
 Beastly Appendage        Tmut           4%         N/A       36%         1
 Freeze                   Ice            8%         1d3       36%         1
 Dazzling Flash           Conj/Hex       16%        N/A       36%         3
 Wereblood                Tmut           2%         N/A       50%         2
 Frozen Ramparts          Ice            4%         1d1       73%         3
 Hailstorm                Conj/Ice       2%         3d3       73%         3
 Spider Form              Tmut/Pois      2%         N/A       73%         3
 Airstrike                Air            1%         2d(1-17)  98%         4
 Ice Form                 Ice/Tmut       2%         N/A       98%         4
 Iskenderun's Mystic Bla  Conj/Tloc      2%         2d3       98%         4
 Petrify                  Tmut/Erth      2%         N/A       98%         4
 Summon Lightning Spire   Summ/Air       2%         N/A       98%         4
 Metabolic Englaciation   Hex/Ice        4%         N/A       98%         5
 Lightning Bolt           Conj/Air       1%         1d12      100%        5
 Simulacrum               Ice/Necr       1%         N/A       100%        6
 Starburst                Conj/Fire      1%         6d3       100%        6
 Statue Form              Tmut/Erth      1%         N/A       100%        6


Dungeon Overview and Level Annotations

Branches:
Dungeon (12/15)            Temple (1/1) D:7            Lair (3/5) D:11
  Snake (0/4) Lair:2          Orc (0/2) D:11
  Swamp: Lair:2-3    Shoals: Lair:2-3

Altars:
Ashenzari
Cheibriados
Dithmenos
Fedhas
Gozag
Hepliaklqana
Kikubaaqudgha
Makhleb
Nemelex Xobeh
Okawaru
Qazlal
Ru
Sif Muna
Trog
Vehumet
Wu Jian
Xom
Yredelemnul

Shops:
D:1 (   D:3 (

Annotations:
D:9 3 runed translucent doors, Imper's ghost, novice KoBr; bmack86's ghost, novice MiFi; purpskrrrp's ghost, novice MfFi
D:10 3 runed translucent doors, wormed's ghost, novice SpHu
Temple 2 transporters
Lair:3 Josephine; Rupert


Innate Abilities, Weirdness & Mutations

You have a moderately thin skeletal structure. (Dex +4, Stealth++)
You sometimes gain power by taking damage.
When hurt, damage is shared between your health and your magic reserves.
You regenerate magic rapidly.
You have a small tail.


Message History

Rupert is moderately wounded.
Rupert hits you with a +2 executioner's axe of draining!!
You focus on the pain.
You feel your power returning.
You feel drained.
* * * LOW HITPOINT WARNING * * *
Rupert misses you. The five-headed hydra bites you!
* * * LOW HITPOINT WARNING * * *
The five-headed hydra bites you but does no damage.
The five-headed hydra misses you.
The five-headed hydra completely misses you.
The five-headed hydra bites you but does no damage.
The five-headed hydra bites you!
* * * LOW HITPOINT WARNING * * *
The five-headed hydra closely misses you. x2
The five-headed hydra bites you but does no damage.
The five-headed hydra bites you!
* * * LOW HITPOINT WARNING * * *
Rupert hits you but does no damage.
You feel drained.
You feel much better. Rupert hits you but does no damage.
You feel drained.
You block the five-headed hydra's attack.
The five-headed hydra bites you. The five-headed hydra misses you.
The five-headed hydra barely misses you.
The five-headed hydra misses you.
As you read the scroll of fear, it crumbles to dust.
You assume a fearsome visage.
Rupert is unaffected.
The five-headed hydra looks frightened!
Rupert completely misses you. Rupert closely misses you.
Unknown command.
Aiming: Paralyse
Press: ? - help, Shift-Dir - straight line, f/p - Rupert
Aim: Rupert, wielding a +2 executioner's axe of draining and wearing a +0 scale mail (moderately wounded, berserk, very poisoned, umbra, chance to affect: 5%) Rupert resists with almost no effort.
Rupert hits you with a +2 executioner's axe of draining!!
* * * LOW HITPOINT WARNING * * *
You focus on the pain.
You feel your power returning.
You feel drained.
* * * LOW HITPOINT WARNING * * *
Unknown command.
You barely miss Rupert.
Rupert is moderately wounded.
Rupert hits you with a +2 executioner's axe of draining!!
You die...

...##P...........##
...............?..#
..[.........~##..#
...........~~~~#.#
...........~D~~#.#
...........~~~~..#
...........~~~~~.##
..........##.~~...#
...............@@.#
.#.#####...######.#
.### ##.. ### .####
#.. .P..# ... ...##
##. ....# .......
........


You could see Rupert (berserk, very poisoned) and a five-headed hydra (fleeing).

Vanquished Creatures
  Gastronok (Lair:3)
  2 hydras (Lair:2)
  2 two-headed ogres
  Amaemon (D:8)
  Pikel (D:4)
  A deep elf pyromancer (D:12)
  An ugly thing (D:11)
  2 black mambas
  Joseph (D:7)
  An orange demon (D:8)
  A cane toad (Lair:1)
  2 gargoyles
  3 komodo dragons
  A kobold demonologist (D:11)
  3 rime drakes
  A burning bush (Lair:1)
  A troll (D:11)
  A hornet (D:7)
  7 blink frogs
  32 yaks
  2 wyverns
  A basilisk (Lair:2)
  3 steam dragons
  3 wargs (D:11)
  2 nagas (Lair:2)
  An acid dragon (D:8)
  4 water moccasins
  4 black bears
  2 sky beasts
  3 orc warriors
  2 ice beasts (D:5)
  9 wolves
  3 centaurs
  5 kobold brigands
  3 bullfrogs
  3 gnoll sergeants (D:9)
  3 necrophages
  2 scorpions (D:4)
  8 wights
  An electric eel (Lair:3)
  6 howler monkeys
  4 orc priests
  Crazy Yiuf (D:7)
  2 gnoll boudas
  5 hounds
  A jelly (D:5)
  Ijyb (D:4)
  5 iguanas
  8 orc wizards
  An adder (D:2)
  13 gnolls
  3 shadow imps
  3 white imps
  An ufetubus (D:5)
  2 worms
  2 dart slugs
  31 orcs
  6 ball pythons
  6 bats
  An endoplasm (D:4)
  3 giant cockroaches
  8 goblins
  8 hobgoblins
  15 jackals
  4 quokkas
  4 frilled lizards
  25 kobolds
  7 rats
  A bush (D:7)
306 creatures vanquished.

Vanquished Creatures (others)
  10 fungi
  A plant (Lair:3)
11 creatures vanquished.

Grand Total: 317 creatures vanquished

Notes
Turn   | Place    | Note
-------+----------+-------------------------------------------
     0 | D:1      | Newt the Demonspawn Gladiator began the quest for the Orb.
     0 | D:1      | Reached XP level 1. HP: 16/16 MP: 1/1
    29 | D:1      | Reached skill level 1 in Stealth
    85 | D:1      | Gained mutation: You regenerate magic rapidly. [demonic
                  | ancestry]
    85 | D:1      | Reached XP level 2. HP: 22/22 MP: 2/2
   181 | D:1      | Reached skill level 2 in Stealth
   212 | D:1      | Found Malex's Weapon Shop.
   734 | D:1      | Gained mutation: You have a small tail. [demonic ancestry]
   734 | D:1      | Reached XP level 3. HP: 28/28 MP: 3/3
  1024 | D:2      | Found a faded altar of an unknown god.
  1757 | D:3      | Reached XP level 4. HP: 29/37 MP: 4/4
  1936 | D:3      | Found Gunyi's Antique Weapon Shop.
  1979 | D:3      | Found an iron altar of Okawaru.
  2337 | D:4      | Noticed a scorpion
  2338 | D:4      | Noticed a scorpion
  2353 | D:4      | Killed a scorpion
  2354 | D:4      | Gained mutation: When hurt, damage is shared between your
                  | health and your magic reserves. [demonic ancestry]
  2354 | D:4      | Reached XP level 5. HP: 19/42 MP: 5/5
  2814 | D:4      | Reached XP level 6. HP: 48/48 MP: 6/6
  2895 | D:4      | Noticed Ijyb
  2905 | D:4      | Paralysed by Ijyb for 4 turns
  2915 | D:4      | Reached skill level 5 in Short Blades
  2915 | D:4      | Reached skill level 1 in Spellcasting
  2918 | D:4      | Killed Ijyb
  3090 | D:4      | Found a burning altar of Makhleb.
  3090 | D:4      | Found a broken altar of Ashenzari.
  3110 | D:4      | Noticed Pikel
  3133 | D:4      | Killed Pikel
  3134 | D:4      | Reached skill level 5 in Spellcasting
  3134 | D:4      | Gained mutation: You have a somewhat thin skeletal
                  | structure. (Dex +2, Stealth+) [demonic ancestry]
  3134 | D:4      | Reached XP level 7. HP: 25/54 MP: 4/14
  3144 | D:4      | Reached skill level 3 in Stealth
  3961 | D:5      | Entered Level 5 of the Dungeon
  4237 | D:5      | Reached skill level 4 in Stealth
  4237 | D:5      | Reached XP level 8. HP: 60/60 MP: 15/15
  4409 | D:5      | Reached skill level 5 in Stealth
  5086 | D:6      | Reached skill level 6 in Stealth
  5097 | D:6      | Reached skill level 1 in Shields
  6457 | D:7      | Reached skill level 5 in Fighting
  6568 | D:7      | Gained mutation: You sometimes gain a little power by
                  | taking damage. [demonic ancestry]
  6568 | D:7      | Reached XP level 9. HP: 68/68 MP: 16/16
  6661 | D:7      | Noticed Joseph
  6675 | D:7      | Killed Joseph
  6761 | D:7      | Paralysed by a hornet for 3 turns
  7059 | D:7      | Found a staircase to the Ecumenical Temple.
  7069 | Temple   | Entered the Ecumenical Temple
  7069 | Temple   | Found a transporter.
  7069 | Temple   | Found a transporter.
  7071 | Temple   | Found a transporter.
  7071 | Temple   | Found a transporter.
  7096 | Temple   | Became a worshipper of Dithmenos the Shadowed
  7288 | D:7      | Reached skill level 5 in Dodging
  7497 | D:7      | Found a runed translucent door.
  7498 | D:7      | Noticed Crazy Yiuf
  7505 | D:7      | Killed Crazy Yiuf
  7787 | D:8      | Reached skill level 7 in Stealth
  7790 | D:8      | Noticed a two-headed ogre
  8045 | D:7      | Reached skill level 8 in Stealth
  8121 | D:7      | Killed a two-headed ogre
  8122 | D:7      | Reached skill level 9 in Stealth
  8122 | D:7      | Reached XP level 10. HP: 14/76 MP: 7/17
  8558 | D:8      | Found a basalt altar of Yredelemnul.
  8616 | D:8      | Noticed an orange demon
  8618 | D:8      | Noticed Amaemon
  8829 | D:8      | Killed Amaemon
  8830 | D:8      | Reached skill level 10 in Stealth
  8839 | D:8      | Killed an orange demon
  9890 | D:9      | Reached skill level 5 in Hexes
  9916 | D:9      | Reached skill level 1 in Evocations
 10552 | D:9      | Found a runed translucent gate.
 10552 | D:9      | Found a runed translucent gate.
 10552 | D:9      | Found a runed translucent gate.
 10594 | D:9      | Reached * piety under Dithmenos
 10765 | D:9      | Noticed bmack86's ghost (novice MiFi)
 10837 | D:9      | Reached skill level 5 in Evocations
 11226 | D:8      | Gained mutation: You have a moderately thin skeletal
                  | structure. (Dex +4, Stealth++) [demonic ancestry]
 11226 | D:8      | Reached XP level 11. HP: 75/78 MP: 18/18
 11249 | D:9      | Reached ** piety under Dithmenos
 11278 | D:9      | Found an ornate altar of the Wu Jian Council.
 11686 | D:9      | Noticed purpskrrrp's ghost (novice MfFi)
 11687 | D:9      | Noticed Imper's ghost (novice KoBr)
 11728 | D:10     | Entered Level 10 of the Dungeon
 11728 | D:10     | Found a shimmering altar of Xom.
 11993 | D:10     | Found a stormy altar of Qazlal.
 12064 | D:10     | Reached skill level 1 in Armour
 12911 | D:10     | Found a runed translucent gate.
 12911 | D:10     | Found a runed translucent gate.
 12911 | D:10     | Found a runed translucent gate.
 12912 | D:10     | Noticed an 11-headed hydra
 12914 | D:10     | Noticed wormed's ghost (novice SpHu)
 12915 | D:10     | Noticed a ten-headed hydra
 13156 | D:11     | Found a staircase to the Lair.
 13170 | D:11     | Reached *** piety under Dithmenos
 13480 | D:10     | Reached skill level 5 in Armour
 13673 | D:11     | Noticed a cyan ugly thing
 13678 | D:11     | Killed a cyan ugly thing
 13902 | D:11     | Found a staircase to the Orcish Mines.
 14018 | D:12     | Noticed a deep elf pyromancer
 14018 | D:12     | Noticed a two-headed ogre
 14019 | D:12     | Killed a two-headed ogre
 14021 | D:12     | Killed a deep elf pyromancer
 14040 | Lair:1   | Entered Level 1 of the Lair of Beasts
 14422 | Lair:1   | Reached skill level 11 in Stealth
 14567 | Lair:1   | Gained mutation: You sometimes gain power by taking damage.
                  | [demonic ancestry]
 14567 | Lair:1   | Reached XP level 12. HP: 88/88 MP: 19/19
 14898 | Lair:2   | Noticed a seven-headed hydra
 14902 | Lair:2   | Killed a seven-headed hydra
 15013 | Lair:2   | Found a staircase to the Snake Pit.
 15343 | Lair:2   | Reached skill level 12 in Stealth
 15548 | Lair:2   | Reached **** piety under Dithmenos
 15591 | Lair:2   | Reached skill level 5 in Shields
 16225 | Lair:2   | Noticed an eight-headed hydra
 16236 | Lair:2   | Killed an eight-headed hydra
 16725 | Lair:3   | Noticed Josephine
 16726 | Lair:3   | Noticed a five-headed hydra
 16732 | Lair:3   | Noticed Gastronok
 16743 | Lair:3   | Killed Gastronok
 16824 | Lair:3   | Noticed Rupert
 16924 | Lair:3   | Mangled by Rupert

Illustrated notes

Levels and vault maps discovered:
D:1:      dpeg_arrival_subterranean_lakeside_camping, layout_basic,
          serial_shops, nicolae_shop_advertising_works
          [nicolae_subvault_shop_adworks]
D:2:      layout_basic, hellmonk_ecumenical_altar_heavens_door
D:3:      layout_basic, okawaru_metal_pillars_1_2, serial_shops,
          nicolae_shop_stone
D:4:      layout_basic, grunt_temple_overflow_open, kennysheep_boxes,
          uniq_pikel, uniq_ijyb
D:5:      layout_rooms, hangedman_decor_clover_reticule, fountainhead,
          chequers_big_river
D:6:      layout_basic, supply_closet_lemuel, kennysheep_cross_bottleneck
D:7:      layout_loops_cross, temple_fountains, nicolae_underground_beach,
          uniq_crazy_yiuf_cottage, uniq_joseph
D:8:      layout_loops_ring, mainiacjoe_overflow_cross_hatched,
          nicolae_straight_to_the_point, uniq_amaemon
D:9:      layout_cave_pools, nicolae_wu_jian_wuxing_cycle, serial_gnoll_camp,
          gnoll_camp_mini_hut, gnoll_camp_mini_house, gnoll_camp_mini_house,
          gnoll_camp_mini_house, gnoll_camp_mini_doghouse,
          gammafunk_ghost_cemetery, eino_tiny_chamber
D:10:     layout_roguey, brannock_xom_greatest_gift, grunt_qazlal_clouds,
          gammafunk_ghost_hydra_chop
D:11:     layout_rooms, erik_lair_orcish_takeover, orc_0_dummy
D:12:     layout_gridville, kennysheep_flooded_box
Temple:   hellmonk_temple_divided_pantheon
Lair:1:   layout_chaotic_city, evilmike_ambush [evilmike_ambush_outer_basic,
          evilmike_ambush_inner_cross]
Lair:2:   layout_regular_city, guppyfry_snake_entry_garden
Lair:3:   layout_gridlike, elwin_shoals_entry_rooms, uniq_rupert,
          uniq_josephine, uniq_gastronok

Skill      XL: |  1  2  3  4  5  6  7  8  9 10 11 12 |
---------------+-------------------------------------+-----
Stealth        | 1 2 4 6 9 10 11 12 | 12.0
Fighting       | 4 5 6 |  6.9
Short Blades   | 3 4 5 7 |  7.0
Spellcasting   | 5 |  5.0
Shields        | 4 7 |  7.0
Dodging        | 5 7 |  7.0
Hexes          | 5 |  5.0
Evocations     | 5 |  5.0
Armour         | 5 |  5.0
Throwing       | |  1.7

Action                   |  1- 3 |  4- 6 |  7- 9 | 10-12 || total
-------------------------+-------+-------+-------+-------++-------
Melee: Rapier            |    40 |       |       |       ||    40
       Dagger            |   142 |   152 |   392 |   823 ||  1509
       Punch             |     4 |     1 |     1 |       ||     6
       Tailslap          |    10 |    26 |    88 |   201 ||   325
       Falchion          |       |       |       |    93 ||    93
Throw: Throwing net      |     2 |     1 |     4 |     5 ||    12
Evoke: Wand              |       |       |     2 |     7 ||     9
  Use: Scroll            |     4 |     4 |     5 |    11 ||    24
       Potion            |     1 |       |     1 |     7 ||     9
 Stab: Sleeping          |     4 |     2 |    10 |    29 ||    45
       Held in net/web   |     1 |       |     3 |     5 ||     9
       Distracted        |       |     1 |       |     7 ||     8
       Paralysed         |       |       |       |     1 ||     1
Armor: Leather armour    |    48 |    41 |    69 |     4 ||   162
       Acid dragon scale |       |       |       |   245 ||   245
Dodge: Dodged            |    87 |   100 |   153 |   595 ||   935
Block: Buckler           |       |       |    57 |   268 ||   325

Table legend: (Time is in decaauts)
 A = Elapsed time spent in this place.
 B = Non-inter-level travel time spent in this place.
 C = Inter-level travel time spent in this place.
 D = Time resting spent in this place.
 E = Time spent auto-exploring this place.
 F = Levels seen in this place.
 G = Mean time per level.
                   A        B        C        D        E       F      G
               +--------+--------+--------+--------+--------+-----+--------+
         Total |  16579 |  16247 |    332 |   5498 |   7836 |  16 | 1036.2 |
       Dungeon |  13722 |  13469 |    253 |   4644 |   6469 |  12 | 1143.5 |
        Temple |     45 |     29 |     16 |      0 |      6 |   1 |   45.0 |
          Lair |   2811 |   2748 |     63 |    854 |   1361 |   3 |  937.0 |
               +--------+--------+--------+--------+--------+-----+--------+

Top non-repeatable levels by time:
     D:7: 2076 daAuts
     D:8: 1698 daAuts
    D:10: 1678 daAuts
     D:4: 1646 daAuts
     D:6: 1569 daAuts
     D:9: 1451 daAuts
  Lair:2: 1417 daAuts
  Lair:1: 1066 daAuts
     D:1: 953 daAuts
     D:5: 759 daAuts
     D:2: 694 daAuts
     D:3: 618 daAuts
    D:11: 570 daAuts
  Lair:3: 327 daAuts
  Temple: 45 daAuts
